 Dungeon Crawl Stone Soup version 0.31-a0-246-g8cbcc1cb85 (webtiles) character file.

Game seed: 3803893849662527585

178 qw the Shooter (level 5, -3/46 HPs)
             Began as a Minotaur Hexslinger on July 12, 2023.
             Slain by an orc
             ... wielding a +0 flail
              (7 damage)
             ... on level 3 of the Dungeon.
             The game lasted 00:00:41 (1780 turns).

qw the Shooter (Minotaur Hexslinger)                Turns: 1780, Time: 00:00:42

Health: -3/46      AC:  5    Str: 13    XL:     5   Next: 32%
Magic:  5/5        EV: 11    Int: 10    God:
Gold:   108        SH:  5    Dex: 14    Spells: 5/6 levels left

rFire   . . .        k - +1 sling (heavy)
rCold   . . .        (no shield)
rNeg    . . .        j - +0 ring mail
rPois   .            (helmet restricted)
rElec   .            (no cloak)
rCorr   .            (no gloves)
SInv    .            (no boots)
Will    .....        f - amulet of reflection
Stlth   +            (no ring)
HPRegen 0.27/turn    (no ring)
MPRegen 0.09/turn

%: reflection
@: no status effects
A: horns 2, retaliatory headbutt, mutation resistance 1
a: no special abilities


You were on level 3 of the Dungeon.
You visited 1 branch of the dungeon, and saw 4 of its levels.

You collected 108 gold pieces.


Innate Abilities, Weirdness & Mutations

You have a pair of horns on your head.
You reflexively headbutt those who attack you in melee.
You are somewhat resistant to further mutation.


   Skills:
 - Level 4.1 Fighting
 + Level 4.7 Ranged Weapons
 - Level 1.0 Armour
 - Level 2.1 Dodging
 - Level 1.0 Spellcasting
 - Level 2.0 Hexes


You had 5 spell levels left.
You knew the following spells:

 Your Spells              Type           Power      Damage    Failure   Level
a - Slow                  Hex            16%        N/A       32%         1

Your spell library contained the following spells:

 Spells                   Type           Power      Damage    Failure   Level
 Inner Flame              Hex/Fire       2%         N/A       82%         3
 Portal Projectile        Hex/Tloc       4%         N/A       82%         3
 Cause Fear               Hex            2%         N/A       97%         4

Inventory:

Hand Weapons
 k - a +1 heavy sling (weapon)
Armour
 j - a +0 ring mail (worn)
Jewellery
 f - an amulet of reflection (around neck)
Potions
 a - a potion of heal wounds {unknown}
 b - a potion of berserk rage {unknown}
 c - a potion of invisibility {unknown}
 d - a potion of mutation
 e - a potion of attraction {unknown}
 l - a potion of haste {unknown}

Dungeon Overview and Level Annotations

Branches:
Dungeon (4/15)
 Temple: D:4-7

Altars:

Shops:
D:1 =


Message History

You furiously retaliate!
You headbutt the orc.
The orc priest calls down the wrath of Beogh upon you.
Beogh smites you! The orc hits you with a +0 hand axe.
The orc wizard barely misses you. You furiously retaliate!
You headbutt the orc wizard. The goblin closely misses you.
1776 ||| STAIRDANCE You feel your willpower return.
You block the orc wizard's attack. The orc barely misses you.
You furiously retaliate!
You headbutt the orc.
You kill the orc!
The orc priest hits you with a +0 club. The goblin hits you with a +0 club.
The orc hits you with a +0 flail.
You climb upwards.
There is a stone staircase leading down here.
Enter note:
Enter note:
Enter note:
Enter note:
Enter note:
Enter note:
Enter note:
Enter note:
Enter note:
Enter note:
Enter note:
Enter note: You shoot a sling bullet.
The sling bullet hits the orc wizard!
You kill the orc wizard!
The goblin hits you with a +0 club. The orc barely misses you.
The orc priest closely misses you. The orc hits you with a +0 flail.
The orc priest hits you with a +0 club. The goblin hits you with a +0 club.
You shoot a sling bullet.
The sling bullet barely misses the orc priest.
You block the goblin's attack. The orc closely misses you.
You block the orc priest's attack. The orc hits you with a +0 flail!
The goblin hits you but does no damage. The orc priest closely misses you.
You shoot a sling bullet. The sling bullet hits the orc priest!
The orc priest is almost dead.
The orc hits you with a +0 flail!
You die...

#.# #.# #.# #.# #.# #.#
#.# ##.## #.# #.####
##...## #.#
#....#####.....### #.#
##......##.......# #.#
#.#.##.##.#.###.######.#
#.#.##.##o#o..)........#
#.#......g@.###.########
#.####.##.#)# #.#
#.####.##.#.###.#######
#......##.............#
###########.#.#######.#
##### #.#.# #.#
####...###.#.##### #.#
#................###.####
#.##....##.#.###........#


You could see an orc priest, an orc and a goblin.

Vanquished Creatures
  A scorpion (D:2)
  An orc wizard (D:3)
  3 adders (D:2)
  A worm (D:2)
  2 dart slugs (D:3)
  7 orcs
  4 ball pythons
  6 endoplasms
  A giant cockroach (D:3)
  4 goblins
  A hobgoblin (D:2)
  3 jackals (D:2)
  4 quokkas
  3 bats
  3 frilled lizards
  4 kobolds
  3 rats
51 creatures vanquished.

Notes
Turn   | Place    | Note
-------+----------+-------------------------------------------
     0 | D:1      | qw the Minotaur Hexslinger began the quest for the Orb.
     0 | D:1      | Reached XP level 1. HP: 16/16 MP: 1/1
     0 | D:1      | 0 ||| qw: Version: 0.3-a-52-g30416fa
     0 | D:1      | 0 ||| qw: Game counter: 6331
     0 | D:1      | 0 ||| qw: Melee chars always use a shield: true
     0 | D:1      | 0 ||| qw: God list: Okawaru
     0 | D:1      | 0 ||| qw: Allow faded altars: false
     0 | D:1      | 0 ||| qw: Do Orc after clearing Dungeon:15 true
     0 | D:1      | 0 ||| qw: Do second Lair branch before Depths: true
     0 | D:1      | 0 ||| qw: Lair rune preference: random
     0 | D:1      | 0 ||| qw: Goals: Normal
     0 | D:1      | 0 ||| PLANNING D:1-11
    83 | D:1      | Found Givuliol's One-of-a-Kind Rings.
    90 | D:1      | 90 ||| SHOPLISTING +2 ring of slaying (231 gold, have 0).
    90 | D:1      | 90 ||| SHOPLISTING +3 ring of protection (231 gold, have
                  | 0).
    90 | D:1      | 90 ||| SHOPLISTING +6 ring of protection (858 gold, have
                  | 0).
    90 | D:1      | 90 ||| SHOPLISTING +9 ring of dexterity (858 gold, have 0).
    90 | D:1      | 90 ||| SHOPLISTING ring "Cesetayp" {Fly rCorr Int-3 Slay+2}
                  | (354 gold, have 0).
    90 | D:1      | 90 ||| SHOPLISTING ring of the Lost Spirits {rF+ Will+}
                  | (413 gold, have 0).
   387 | D:1      | 387 ||| UPGRADING to +0 ring mail.
   397 | D:1      | 397 ||| DROPPING +0 robe.
   398 | D:1      | 398 ||| UPGRADING to amulet of regeneration.
   403 | D:1      | 403 ||| READING scroll labelled ATHRUTW ZEIGADA.
   404 | D:1      | 404 ||| READING scroll labelled WAGEIF SEWU.
   405 | D:1      | 405 ||| READING 2 scrolls labelled JYDYINOLEE.
   406 | D:1      | 406 ||| READING scroll of brand weapon.
   406 | D:1      | 406 ||| BRANDING +1 sling of freezing.
   407 | D:1      | 407 ||| READING scroll labelled YTEHYS PUTHO.
   411 | D:1      | 411 ||| DROPPING scroll of poison.
   448 | D:2      | Reached skill level 3 in Ranged Weapons
   458 | D:2      | Noticed a scorpion
   461 | D:2      | Killed a scorpion
   462 | D:2      | Reached XP level 2. HP: 27/27 MP: 2/2
   462 | D:2      | Reached XP level 3. HP: 33/33 MP: 3/3
   462 | D:2      | Reached XP level 4. HP: 40/40 MP: 4/4
   755 | D:2      | You fall into a shaft and drop 1 floor!
   817 | D:3      | 817 ||| READING scroll labelled LOPPIZ PANO.
   818 | D:3      | 818 ||| READING scroll labelled ARCHIG BUIQE.
   819 | D:3      | 819 ||| READING 2 scrolls labelled ECKILOM QOIRAR.
   821 | D:3      | 821 ||| READING scroll labelled WERATI LEETRYF.
   822 | D:3      | 822 ||| DROPPING scroll of immolation.
   826 | D:3      | 826 ||| FLEEEEING.
   827 | D:3      | 827 ||| FLEEEEING.
   828 | D:3      | 828 ||| FLEEEEING.
   829 | D:3      | 829 ||| STAIRDANCE
   884 | D:2      | 884 ||| DROPPING amulet of guardian spirit.
   885 | D:2      | 885 ||| READING scroll labelled LAFELU LULAI.
  1147 | D:3      | Reached skill level 1 in Armour
  1473 | D:3      | Reached XP level 5. HP: 37/46 MP: 5/5
  1733 | D:3      | 1733 ||| UPGRADING to amulet of reflection.
  1743 | D:3      | 1743 ||| DROPPING amulet of regeneration.
  1744 | D:3      | 1744 ||| READING scroll labelled ZASIODYSYWK.
  1745 | D:3      | 1745 ||| DRINKING 2 fuming orange potions.
  1745 | D:3      | Gained mutation: You are somewhat resistant to further
                  | mutation. [potion of mutation]
  1771 | D:4      | 1771 ||| PLANNING SEWER
  1776 | D:4      | 1776 ||| STAIRDANCE
  1778 | D:3      | HP: 10/46 [goblin/+0 club (2)]
  1779 | D:3      | HP: 3/46 [orc/+0 flail (7)]
  1780 | D:3      | Slain by an orc

Levels and vault maps discovered:
D:1:      dpeg_arrival_boxes_within_box, layout_rooms, minmay_misc_feat_columns,
          nicolae_shop_unique_rings
D:2:      layout_rooms
D:3:      layout_loops_corners
D:4:      layout_cave_pods, serial_shops, nicolae_shop_gaudy_bauble,
          shop_statue, nicolae_shop_hallway_stairs, shop,
          nicolae_shop_overgrown_old_shop, portal_sewer_entry_f,
          minmay_misc_feat_encased, minmay_misc_feat_hallway, chequers_jeans,
          uniq_crazy_yiuf_cottage, uniq_sigmund

Skill      XL: |  1  2  3  4 |
---------------+-------------+-----
Ranged Weapons | 3 4 |  4.7
Fighting       | 4 |  4.1
Armour         | 1 |  1.0
Dodging        | |  2.1
Spellcasting   | |  1.0
Hexes          | |  2.0

Action                     |  1- 3 |  4- 6 || total
---------------------------+-------+-------++-------
   Fire: Sling             |    22 |   103 ||   125
    Use: Scroll            |     5 |     6 ||    11
         Potion            |       |     1 ||     1
 Armour: Robe              |     1 |       ||     1
         Ring mail         |       |    22 ||    22
  Dodge: Dodged            |     2 |    47 ||    49
  Block: Other             |       |     6 ||     6
         Reflection        |       |     1 ||     1

Table legend:
 A = Non-vault XP
 B = Vault XP
 C = Vault XP percentage of total XP
 D = Non-vault monster count
 E = Vault monster count
 F = Vault count percentage of total count
                 A         B        C        D         E       F
            +---------+---------+-------+---------+---------+-------
      Total |     255 |       0 |   0.0 |      51 |       0 |   0.0
            +---------+---------+-------+---------+---------+-------
        D:1 |       9 |       0 |   0.0 |       7 |       0 |   0.0
        D:2 |     158 |       0 |   0.0 |      19 |       0 |   0.0
        D:3 |      82 |       0 |   0.0 |      23 |       0 |   0.0
        D:4 |       6 |       0 |   0.0 |       2 |       0 |   0.0
            +---------+---------+-------+---------+---------+-------
